 Dungeon Crawl Stone Soup version 0.28-a0-661-g144af12 (webtiles) character file.

Game seed: 6846657854590756160

136218 edsrzf the Warrior (level 17, -11/133 HPs)
             Began as a Djinni Hedge Wizard on Oct 13, 2021.
             Shot with a bolt by Vashnia (14 damage)
             ... on level 2 of the Snake Pit on Oct 14, 2021.
             The game lasted 01:35:35 (32537 turns).

edsrzf the Warrior (Djinni Hedge Wizard)           Turns: 32537, Time: 01:35:35

Health: -11/133    AC: 15    Str: 12    XL:     17   Next: 80%
Gold:   2888       EV: 21    Int: 19    God:
                   SH:  7    Dex: 17

rFire   + + +      SeeInvis .   a - +8 demon trident "Rift" {distort, reach+}
rCold   + . .      Faith    .   q - +2 buckler {AC+3}
rNeg    + . .      Spirit   .   U - +0 leather armour {rC+ rF+}
rPois   ∞          Reflect  .   c - +0 hat
rElec   +          Harm     .   O - +2 cloak of Brilliance {rPois Dex+3}
rCorr   .          Rampage  .   E - +2 pair of gloves
Will    ++...                   (boots unavailable)
Stlth   ++........              R - amulet of regeneration
HPRegen 1.32/turn               P - ring of willpower
MPRegen 0.00/turn               m - ring "Oraarch" {rElec rC+ rN+ EV+4}

@: flying
A: sickness immunity, fire resistance 2, cold vulnerability 1, float, innate
caster, hp casting, extra vitality 1, antennae 1, shaggy fur 1
a: no special abilities


You were on level 2 of the Snake Pit.
You visited 4 branches of the dungeon, and saw 25 of its levels.
You also visited: Bailey, Ice Cave and Volcano.

You collected 4724 gold pieces.
You spent 1836 gold pieces at shops.

Inventory:

Hand Weapons
 a - the +8 demon trident "Rift" (weapon) {distort, reach+}
   (You bought it in a shop on level 1 of the Dungeon)

   It warps and distorts space around it, and may blink, banish, or inflict
   extra damage upon those it strikes.
   Unwielding it can cause banishment or high damage.
   It can reach especially far, and its reaching attacks ignore other creatures
   in the way.
 X - a +0 triple crossbow
Missiles
 d - 86 poisoned darts
 A - 7 throwing nets {=f}
 K - 11 atropa-tipped darts
Armour
 c - a +0 hat (worn)
 p - +0 ice dragon scales
 q - a +2 buckler of protection (worn)
 E - a +2 pair of gloves (worn)
 O - the +2 cloak of Brilliance (worn) {rPois Dex+3}
   (You acquired it on level 15 of the Dungeon)

   Dex:       It affects your dexterity (+3).
   rPois:     It protects you from poison.
 U - a +0 leather armour of resistance (worn)
Jewellery
 m - the ring "Oraarch" (right hand) {rElec rC+ rN+ EV+4}
   (You bought it in a shop on level 2 of the Orcish Mines)

   [ring of evasion]

   EV:        It affects your evasion (+4).
   rC:        It protects you from cold.
   rElec:     It insulates you from electricity.
   rN:        It protects you from negative energy.
 y - a ring of protection from cold
 I - the amulet "Wysuygh" {Acrobat Int+2 Dex+5}
   (You acquired it on level 11 of the Dungeon)

   [amulet of the acrobat]

   It increases your evasion while moving and waiting.
   Int:       It affects your intelligence (+2).
   Dex:       It affects your dexterity (+5).
 P - a ring of willpower (left hand)
 Q - a ring of willpower
 R - an amulet of regeneration (around neck)
 S - a ring of wizardry
 T - a ring of fire
 Z - an amulet of reflection
Wands
 h - a wand of digging (9)
 i - a wand of acid (29)
 n - a wand of iceblast (38)
 o - a wand of charming (15)
 x - a wand of paralysis (19)
 D - a wand of mindburst (29)
Scrolls
 b - 7 scrolls of teleportation {@r3}
 f - 4 scrolls of enchant weapon
 g - 2 scrolls of holy word
 j - 4 scrolls of vulnerability
 t - 5 scrolls of identify {@r1}
 v - 6 scrolls of fear
 w - 2 scrolls of fog
 z - a scroll of brand weapon
 H - 2 scrolls of silence {!r}
 M - 4 scrolls of enchant armour
 V - 3 scrolls of magic mapping
Potions
 e - 3 potions of mutation {!q}
 k - 4 potions of attraction
 r - 4 potions of invisibility
 s - 6 potions of brilliance
 u - 8 potions of haste
 G - 2 potions of might
 J - 8 potions of curing
 L - 6 potions of ambrosia
 N - a potion of berserk rage {!q}
 W - 3 potions of lignification
 Y - a potion of resistance
Miscellaneous
 l - a box of beasts
 B - a phantom mirror


   Skills:
 - Level 16.0 Fighting
 - Level 14.0 Polearms
 + Level 10.2 Armour
 - Level 10.1 Dodging
 - Level 1.5 Stealth
 - Level 4.0 Shields
 + Level 12.3 Spellcasting


You couldn't memorise any spells.
You knew the following spells:

 Your Spells              Type           Power      Damage    Failure   Level
a - Call Imp              Summ           55%        N/A       1%          2
b - Blink                 Tloc           N/A        N/A       1%          2
c - Summon Small Mammal   Summ           100%       N/A       1%          1
d - Static Discharge      Conj/Air       55%        N/A       1%          2
e - Call Canine Familiar  Summ           55%        N/A       1%          3
f - Conjure Flame         Conj/Fire      55%        6-21      1%          3
g - Olgreb's Toxic Radia  Pois           55%        N/A       1%          4
h - Blade Hands           Tmut           27%        N/A       1%          5
i - Summon Forest         Summ/Tloc      27%        N/A       1%          5
j - Eringya's Noxious Bo  Tmut/Pois      27%        N/A       7%          6
k - Monstrous Menagerie   Summ           27%        N/A       36%         7
s - Slow                  Hex            55%        N/A       1%          2
x - Magic Dart            Conj           100%       1d8       1%          1
C - Mephitic Cloud        Conj/Pois/Air  55%        N/A       1%          3
Your spell library was empty.

Dungeon Overview and Level Annotations

Branches:
Dungeon (15/15)            Temple (0/1) D:6            Lair (6/6) D:9
 Shoals (0/4) Lair:3        Snake (2/4) Lair:4        Slime (0/5) Lair:6
    Orc (2/2) D:9             Elf (0/3) Orc:2        Vaults (0/5) D:14
 Depths (0/4) D:15         Bailey (visited)           IceCv (visited)
Volcano (visited)

Altars:
Fedhas
Gozag
Makhleb
Nemelex Xobeh
Okawaru
Sif Muna
Uskayaw
Vehumet
Xom
Beogh
Jiyva

Shops:
D:1 *   D:7 =   D:8 *   D:9 :   D:15 =   Orc:2 (?!*=

Portals:
Abyss: Lair:1

Annotations:
Lair:1 2 transporters, Elepheyn's ghost, journeyman MiMo
Snake:2 Vashnia
Abyss:1 Aizul


Innate Abilities, Weirdness & Mutations

You are immune to sickness and miasma.
You are immune to poison.
Your flesh is very heat resistant. (rF++)
You are vulnerable to cold. (rC-)
You float through the air rather than walking.
You learn spells naturally, not from books.
Your magical power is your life essence.
You have superior vitality. (+4 HP)
You have a pair of small antennae on your head.
You are covered in fur. (AC +1)


Message History

You impale the black mamba!!
The black mamba is almost dead.
You hear a shout!
The black mamba closely misses you.
You puncture the black mamba!
You kill the black mamba!
You see here an anaconda corpse.
The naga sharpshooter casts a spell.
You see here an anaconda corpse.
You barely miss Vashnia. You closely miss Vashnia.
The naga sharpshooter gestures wildly while chanting.
The naga sharpshooter magically shoots a bolt.
The bolt hits you!
A naga sharpshooter comes into view. It is wielding a +0 short sword.
Vashnia unwields a +4 hand axe of flaming.
It stops flaming.
Vashnia wields a +0 arbalest.
Vashnia shoots a bolt.
You block the bolt.
The naga sharpshooter mumbles some strange words.
The naga sharpshooter magically shoots a bolt.
The bolt closely misses you.
You see here an anaconda corpse.
Vashnia spits poison at you.
The splash of poison hits you but does no damage.
You resist.
You barely miss Vashnia.
Vashnia shoots a bolt.
The bolt hits you!!
You closely miss Vashnia. You miss Vashnia.
The naga sharpshooter mumbles some strange words.
The naga sharpshooter magically shoots a bolt.
You block the bolt.
Space seems to twist oddly around Vashnia.
Vashnia shoots a bolt.
The bolt hits you!!
You are too injured to fight recklessly!
You are too injured to fight recklessly!
Vashnia spits poison at you. The splash of poison misses you.
The naga sharpshooter mumbles some strange words.
The naga sharpshooter magically shoots a bolt.
The bolt hits you!!
You start resting.
Vashnia is nearby!
Reach: a) +8 demon trident "Rift" {distort, reach+}
Press: ? - help, Dir - move target, f/p - Vashnia
Aim: Vashnia, wielding a +0 arbalest, wearing a +1 barding of cold resistance and quivering bolts (about 37% to evade the +8 demon trident "Rift")
You hit Vashnia but do no damage.
Vashnia blinks!
You start resting.
Vashnia is nearby!
Reach: a) +8 demon trident "Rift" {distort, reach+}
Press: ? - help, Dir - move target, f/p - Vashnia
Aim: Vashnia, wielding a +0 arbalest, wearing a +1 barding of cold resistance and quivering bolts (about 37% to evade the +8 demon trident "Rift")
You hit Vashnia.
Vashnia is lightly wounded.
Casting: Magic Dart (safe; 1% risk of failure)
Confirm with . or Enter, or press ? or * to list all spells.
Okay, then.
Casting: Magic Dart (safe; 1% risk of failure)
Confirm with . or Enter, or press ? or * to list all spells.
Okay, then.
Unknown command.
Casting: Magic Dart (safe; 1% risk of failure)
Confirm with . or Enter, or press ? or * to list all spells.
Okay, then.
Reach: a) +8 demon trident "Rift" {distort, reach+}
Press: ? - help, Dir - move target, f/p - Vashnia
Aim: Vashnia, wielding a +0 arbalest, wearing a +1 barding of cold resistance and quivering bolts (lightly wounded, about 37% to evade the +8 demon trident "Rift")
You hit Vashnia.
Space bends around Vashnia.
Vashnia is lightly wounded.
Vashnia says, "You'll make a fine pincushion."
Vashnia shoots a bolt.
The bolt hits you!!!
* * * LOW HITPOINT WARNING * * *
You feel much better.
Vashnia shoots a bolt.
The bolt hits you!!!
* * * LOW HITPOINT WARNING * * *
Okay, then.
You feel much better.
Vashnia shoots a bolt.
The bolt hits you!!
* * * LOW HITPOINT WARNING * * *
You feel much better.
Vashnia gestures wildly while chanting.
Vashnia magically shoots a bolt.
The bolt hits you!!!
* * * LOW HITPOINT WARNING * * *
Casting: Magic Dart (safe; 1% risk of failure)
Confirm with . or Enter, or press ? or * to list all spells.
You don't have enough health to cast this spell.
Unknown command.
Okay, then.
Okay, then.
Press: ? - help, v - describe, . - travel
Here: Vashnia, wielding a +0 arbalest, wearing a +1 barding of cold resistance and quivering bolts (lightly wounded)
The floor.
Okay, then.
Unknown command.
Press: ? - help, v - describe, . - travel
Here: Vashnia, wielding a +0 arbalest, wearing a +1 barding of cold resistance and quivering bolts (lightly wounded)
The floor.
Unknown command.
As you read the scroll of summoning, it crumbles to dust.
Wisps of shadow whirl around you...
Vashnia casts a spell.
Vashnia magically shoots a bolt.
The bolt hits you!
You die...

#
##....#..##
.#.NS#
##...#...##
.....#
##...#...##
#.N.N##
##..#....##
#.....###
##..##...##
##.......##
##...##..#
#.........#
##(.##..#
#..........
##..NNN#
#.N........
##..S@#
##.....#####
####N#
##....###
#S####..####
#.N{NN.##
####N.##
#{.## #..##
...# ...#


You could see Vashnia (ally target), 2 friendly naga warriors, a friendly
salamander (summoned, wandering), a friendly guardian serpent (summoned), a
friendly black mamba (summoned) and a friendly naga (summoned).

Vanquished Creatures
  Frances (D:13)
  The ghost of nllptrxc the Devastator, a journeyman DECj of Vehumet (Orc:2)
  A red draconian (Volcano)
  The ghost of crawlisdead the Severer, a journeyman MiBe of Trog (Lair:4)
  4 hydras
  7 vault guards (D:14)
  Harold (D:9)
  An ice dragon (IceCv)
  A naga warrior (Snake:1)
  A boulder beetle (D:9)
  4 ogre magi
  3 tengu warriors
  2 anacondas (Snake:2)
  3 centaur warriors (D:13)
  18 two-headed ogres
  A death yak (Lair:4)
  A dancing weapon (Orc:2)
  Nergalle (Lair:1)
  An orc high priest (Orc:2)
  2 shock serpents (Snake:2)
  A salamander mystic (Snake:2)
  A skeletal warrior (D:14)
  A deep troll (Orc:2)
  2 sea snakes (Snake:1)
  A naga ritualist (Snake:1)
  Pikel (D:7)
  A lindwurm (Lair:2)
  A necromancer (D:15)
  2 deep elf pyromancers (D:14)
  An orc knight (Orc:2)
  4 ugly things
  2 wolf spiders
  3 mana vipers
  6 cyclopes
  3 orc sorcerers
  4 manticores
  7 salamanders
  A guardian serpent (Lair:6)
  6 naga magi
  19 elephants
  An ice statue (IceCv)
  13 black mambas
  2 molten gargoyles (Volcano)
  14 cane toads
  Maurice (D:9)
  Maggie (D:7)
  6 rime drakes
  A redback zombie (D:14)
  10 komodo dragons
  An unseen horror (D:12)
  2 tengu conjurers (D:15)
  2 kobold demonologists
  2 freezing wraiths
  6 meliai (D:15)
  A hornet (shapeshifter) (D:14)
  2 polar bears
  12 trolls
  A hornet (Lair:6)
  3 dream sheep (Lair:4)
  5 blink frogs
  4 slime creatures (D:13)
  A snapping turtle (Lair:3)
  A meliai zombie (D:11)
  Sigmund (D:3)
  2 redbacks (Lair:6)
  2 shadows (D:13)
  16 wyverns
  Dowan (D:4)
  A wraith (D:12)
  33 yaks
  5 fire bats (Volcano)
  Eustachio (D:6)
  4 vampires
  3 basilisks
  Grum (D:10)
  A steam dragon (D:6)
  6 vampire mosquitoes
  4 wargs
  11 nagas
  A death yak simulacrum (Lair:4)
  An acid dragon (D:11)
  23 water moccasins
  Duvessa (D:4)
  A hydra simulacrum (Lair:4)
  Purgy (D:3)
  16 orc warriors
  A hornet zombie (D:14)
  20 ogres
  4 black bears
  A necrophage (D:5)
  3 black mamba simulacra (Lair:4)
  13 centaurs
  3 lemures (D:7)
  17 wolves
  2 phantoms
  11 bullfrogs
  2 kobold brigands
  8 gnoll sergeants (Bailey)
  2 scorpions
  A cane toad simulacrum (Lair:4)
  A wyvern skeleton (D:5)
  A hornet simulacrum (D:15)
  A water moccasin skeleton (D:7)
  3 lindwurm simulacra (IceCv)
  24 killer bees
  12 wights
  A jelly (D:4)
  2 electric eels
  6 howler monkeys
  A bullfrog zombie (D:5)
  6 lava snakes (Volcano)
  5 komodo dragon simulacra (IceCv)
  5 centaur zombies
  Crazy Yiuf (D:3)
  A bullfrog skeleton (D:5)
  9 orc priests
  5 hounds
  6 gnoll shamans (Bailey)
  5 iguanas
  A scorpion zombie (D:5)
  Ijyb (D:3)
  Natasha (thrice) (D:3)
  18 orc wizards
  A polar bear simulacrum (Lair:4)
  2 hound skeletons
  A mummy (D:14)
  2 howler monkey zombies (D:9)
  8 acid dragon simulacra (IceCv)
  15 gnolls
  10 adders
  A shadow imp (D:5)
  13 white imps
  4 steam dragon simulacra (IceCv)
  2 worms
  3 dart slugs
  67 orcs
  5 bats
  6 endoplasms
  5 giant cockroaches
  11 goblins
  6 hobgoblins
  2 jackals (D:3)
  3 quokkas
  10 ball pythons
  4 frilled lizards
  17 kobolds
  4 rats
758 creatures vanquished.

Vanquished Creatures (collateral kills)
  Rupert (D:15)
  Menkaure (D:4)
  A gnoll shaman (D:5)
3 creatures vanquished.

Vanquished Creatures (others)
  A water moccasin (D:5)
  A centaur (D:13)
  2 orcs (D:9)
  7 fungi
  48 plants
  9 withered plants
68 creatures vanquished.

Grand Total: 829 creatures vanquished

Notes
Turn   | Place    | Note
-------+----------+-------------------------------------------
     0 | D:1      | edsrzf the Djinni Hedge Wizard began the quest for the Orb.
     0 | D:1      | Reached XP level 1. HP: 15/15 MP: 0/0
   374 | D:1      | Reached XP level 2. HP: 17/21 MP: 0/0
   502 | D:1      | Reached skill level 3 in Spellcasting
   861 | D:1      | Reached XP level 3. HP: 23/25 MP: 0/0
   861 | D:1      | Learned a level 1 spell: Summon Small Mammal
  1034 | D:1      | Found a faded altar of an unknown god.
  1867 | D:2      | Reached XP level 4. HP: 29/31 MP: 0/0
  2993 | D:3      | Reached skill level 4 in Spellcasting
  3319 | D:3      | Reached XP level 5. HP: 33/35 MP: 0/0
  3319 | D:3      | Learned a level 2 spell: Static Discharge
  3319 | D:3      | Noticed Purgy
  3353 | D:3      | Killed Purgy
  3354 | D:3      | Reached XP level 6. HP: 16/40 MP: 0/0
  3560 | D:3      | Reached skill level 5 in Spellcasting
  3774 | D:3      | Found a runed translucent door.
  3775 | D:3      | Noticed Crazy Yiuf
  4007 | D:3      | Noticed Sigmund
  4109 | D:3      | Noticed Natasha
  4117 | D:3      | Killed Natasha
  4221 | D:3      | Noticed Ijyb
  4241 | D:3      | Killed Ijyb
  4502 | D:3      | Noticed Natasha
  4507 | D:3      | Killed Natasha
  4508 | D:3      | Reached XP level 7. HP: 40/45 MP: 0/0
  4508 | D:3      | Learned a level 3 spell: Call Canine Familiar
  4660 | D:3      | Killed Crazy Yiuf
  4832 | D:3      | Killed Sigmund
  4833 | D:3      | Reached skill level 6 in Spellcasting
  5155 | D:4      | Noticed Duvessa
  5174 | D:4      | Noticed Dowan
  5525 | D:3      | Noticed Natasha
  5531 | D:3      | Killed Natasha
  5532 | D:3      | Reached skill level 1 in Polearms
  5630 | D:3      | Reached skill level 3 in Dodging
  5824 | D:4      | Reached XP level 8. HP: 47/50 MP: 0/0
  6087 | D:5      | Entered Level 5 of the Dungeon
  6099 | D:5      | Identified 2 scrolls of holy word
  6101 | D:5      | Reached skill level 2 in Polearms
  6102 | D:5      | Identified a scroll of teleportation
  6457 | D:5      | Reached skill level 4 in Dodging
  6645 | D:5      | Reached skill level 3 in Polearms
  6750 | D:4      | Identified 3 potions of mutation
  6750 | D:4      | Gained mutation: You are covered in fur. (AC +1) [potion of
                  | mutation]
  6750 | D:4      | Gained mutation: You have a pair of small antennae on your
                  | head. [potion of mutation]
  6751 | D:4      | Identified a scroll of brand weapon
  6762 | D:4      | Identified the +0 leather armour of Yesterday {rCorr Str+6}
  6776 | D:4      | Identified a potion of attraction
  6777 | D:4      | Identified a potion of berserk rage
  6785 | D:4      | Identified a potion of degeneration
  6799 | D:4      | Killed Menkaure
  6800 | D:4      | Reached skill level 5 in Dodging
  6823 | D:4      | Killed Dowan
  6827 | D:4      | Identified a potion of flight
  6861 | D:4      | Identified a scroll of magic mapping
  6862 | D:4      | Identified a scroll of acquirement
  6862 | D:4      | Acquired 1041 gold pieces
  6864 | D:4      | Identified a scroll of blinking
  7623 | D:4      | Killed Duvessa
  7624 | D:4      | Reached skill level 4 in Polearms
  7624 | D:4      | Reached skill level 6 in Dodging
  7624 | D:4      | Reached XP level 9. HP: 15/55 MP: 0/0
  7624 | D:4      | Learned a level 4 spell: Olgreb's Toxic Radiance
  9105 | D:1      | Bought the +8 demon trident "Rift" {distort, reach+} for
                  | 929 gold pieces
  9105 | D:1      | Found the +8 demon trident "Rift" {distort, reach+}
  9112 | D:1      | Bought a scroll of noise for 11 gold pieces
  9112 | D:1      | Bought a scroll of identify for 22 gold pieces
  9115 | D:1      | Bought a +2 buckler of protection for 236 gold pieces
  9295 | D:6      | Reached skill level 7 in Dodging
  9323 | D:6      | Found a staircase to the Ecumenical Temple.
  9524 | D:6      | Reached skill level 5 in Polearms
  9541 | D:6      | Noticed Eustachio
  9550 | D:6      | Killed Eustachio
  9597 | D:6      | Identified a potion of curing
  9598 | D:6      | Identified 2 potions of brilliance
  9713 | D:6      | Reached skill level 8 in Dodging
  9939 | D:7      | Reached skill level 6 in Polearms
  9970 | D:7      | Reached XP level 10. HP: 60/60 MP: 0/0
  9989 | D:7      | Found Voxol's Jewellery Emporium.
 10095 | D:7      | Reached skill level 9 in Dodging
 10143 | D:7      | Noticed Maggie
 10161 | D:7      | Killed Maggie
 10162 | D:7      | Reached skill level 7 in Polearms
 10398 | D:7      | Noticed Pikel
 10417 | D:7      | Killed Pikel
 10418 | D:7      | Reached skill level 10 in Dodging
 10512 | D:7      | Identified the +7 dagger "Djinni's Curse" {vorpal, Str+4
                  | Int+5 Stlth+}
 10528 | D:7      | Reached skill level 1 in Shields
 10572 | D:7      | Found a burning altar of Makhleb.
 11111 | D:8      | Reached skill level 2 in Shields
 11156 | D:8      | Found a flagged portal.
 11169 | D:8      | Noticed a two-headed ogre
 11175 | D:8      | Killed a two-headed ogre
 11176 | D:8      | Reached skill level 8 in Polearms
 11176 | D:8      | Reached skill level 3 in Shields
 11176 | D:8      | Reached XP level 11. HP: 59/65 MP: 0/0
 11176 | D:8      | Learned a level 5 spell: Blade Hands
 11195 | Bailey   | Entered a bailey
 11342 | Bailey   | Reached skill level 4 in Shields
 11503 | Bailey   | Reached skill level 1 in Fighting
 11584 | Bailey   | Reached skill level 2 in Fighting
 11956 | D:8      | Identified the +4 hunting sling "Lesoankufipn" {flame,
                  | rPois rCorr}
 11973 | D:8      | Found a burning altar of Makhleb.
 12119 | D:8      | Found Gozag's Platinum Reserve.
 12120 | D:8      | Found an opulent altar of Gozag.
 12151 | D:8      | Found a hide-covered altar of Uskayaw.
 12434 | D:9      | Found a staircase to the Lair.
 12434 | D:9      | Noticed an elephant
 12456 | D:9      | Reached skill level 3 in Fighting
 12509 | D:9      | Killed an elephant
 12510 | D:9      | Reached skill level 4 in Fighting
 12510 | D:9      | Reached skill level 9 in Polearms
 12697 | D:9      | Noticed a boulder beetle
 12715 | D:9      | Killed a boulder beetle
 12778 | D:9      | Reached skill level 5 in Fighting
 13143 | D:9      | Found a staircase to the Orcish Mines.
 13276 | D:9      | Noticed Maurice
 13283 | D:9      | Found Tepoot Pyita's Book Boutique.
 13286 | D:9      | Killed Maurice
 13594 | D:9      | Reached skill level 6 in Fighting
 13793 | D:9      | Found a blossoming altar of Fedhas.
 13879 | D:9      | Found a sparkling altar of Nemelex Xobeh.
 13937 | D:9      | Noticed Harold
 13940 | D:9      | Killed Harold
 13941 | D:9      | Reached XP level 12. HP: 84/84 MP: 0/0
 14154 | D:10     | Entered Level 10 of the Dungeon
 14154 | D:10     | Found an iron altar of Okawaru.
 14168 | D:10     | Reached skill level 10 in Polearms
 14266 | D:10     | Noticed Grum
 14274 | D:10     | Reached skill level 7 in Fighting
 14280 | D:10     | Killed Grum
 14777 | D:11     | Identified a potion of heal wounds
 14870 | D:11     | Noticed a two-headed ogre
 14880 | D:11     | Killed a two-headed ogre
 14881 | D:11     | Reached skill level 8 in Fighting
 14914 | D:11     | Noticed a two-headed ogre
 14925 | D:11     | Noticed a two-headed ogre
 15131 | D:11     | Acquired the amulet "Wysuygh" {Acrobat Int+2 Dex+5}
 15159 | D:11     | Killed a two-headed ogre
 15160 | D:11     | Reached skill level 11 in Polearms
 15194 | D:11     | Killed a two-headed ogre
 15430 | D:11     | Identified a scroll of silence
 15431 | D:11     | Identified a scroll of immolation
 15490 | D:12     | Noticed a boulder beetle
 15504 | D:12     | Banished a boulder beetle
 15505 | D:12     | Reached skill level 9 in Fighting
 15605 | D:12     | Noticed a two-headed ogre
 15612 | D:12     | Noticed a two-headed ogre
 15618 | D:12     | Killed a two-headed ogre
 15619 | D:12     | Reached XP level 13. HP: 94/94 MP: 0/0
 15619 | D:12     | Learned a level 5 spell: Summon Forest
 15621 | D:12     | Noticed an ogre mage
 15631 | D:12     | Killed an ogre mage
 15656 | D:12     | Reached skill level 10 in Fighting
 16086 | D:12     | Reached skill level 12 in Polearms
 16664 | D:13     | Reached skill level 11 in Fighting
 16774 | D:13     | Noticed a centaur warrior
 16785 | D:13     | Killed a centaur warrior
 16924 | D:13     | Noticed a centaur warrior
 16981 | D:13     | Killed a centaur warrior
 17749 | D:13     | Noticed a centaur warrior
 17776 | D:13     | Killed a centaur warrior
 18050 | D:13     | Noticed Frances
 18062 | D:13     | Killed Frances
 18063 | D:13     | Reached XP level 14. HP: 52/106 MP: 0/0
 18394 | D:14     | Found a gate to the Vaults.
 18405 | D:14     | Reached skill level 12 in Fighting
 18405 | D:14     | Reached skill level 13 in Polearms
 18991 | D:14     | Found a sparkling altar of Nemelex Xobeh.
 19790 | D:14     | Reached skill level 13 in Fighting
 20215 | D:15     | Entered Level 15 of the Dungeon
 20682 | D:15     | Found a staircase to the Depths.
 20690 | D:15     | Reached skill level 14 in Polearms
 20933 | Lair:1   | Entered Level 1 of the Lair of Beasts
 20938 | Lair:1   | Found a transporter.
 21019 | Lair:1   | Noticed Nergalle
 21053 | Lair:1   | Killed Nergalle
 21336 | Lair:1   | Found a transporter.
 21336 | Lair:1   | Noticed Elepheyn's ghost (journeyman MiMo)
 21413 | Lair:1   | Found a one-way gate to the infinite horrors of the Abyss.
 21836 | Lair:2   | Found a dark tunnel.
 21853 | Volcano  | Entered a volcano
 21877 | Volcano  | Reached skill level 7 in Spellcasting
 21882 | Volcano  | Reached skill level 14 in Fighting
 21885 | Volcano  | Reached XP level 15. HP: 103/117 MP: 0/0
 21885 | Volcano  | Learned a level 6 spell: Eringya's Noxious Bog
 22236 | Lair:2   | Found a frozen archway.
 22270 | IceCv    | Entered an ice cave
 23262 | IceCv    | Identified a potion of ambrosia
 23514 | Lair:2   | Reached skill level 8 in Spellcasting
 24183 | Lair:3   | Identified a potion of magic
 24305 | Lair:3   | Reached skill level 15 in Fighting
 24580 | Lair:3   | Found a staircase to the Shoals.
 24836 | Lair:3   | Identified 2 potions of lignification
 24970 | Lair:4   | Found a staircase to the Snake Pit.
 24971 | Lair:4   | Found a runed translucent gate.
 24971 | Lair:4   | Found a runed translucent gate.
 24971 | Lair:4   | Found a runed translucent gate.
 25024 | Lair:4   | Noticed crawlisdead's ghost (journeyman MiBe)
 25519 | Lair:4   | Reached skill level 9 in Spellcasting
 25860 | Lair:4   | You are sucked into a shaft and drop 2 floors!
 25860 | Lair:6   | Entered Level 6 of the Lair of Beasts
 26100 | Lair:6   | Reached XP level 16. HP: 128/128 MP: 0/0
 26346 | Lair:5   | Reached skill level 16 in Fighting
 26463 | Lair:5   | Reached skill level 1 in Armour
 27096 | Lair:4   | Reached skill level 2 in Armour
 27103 | Lair:4   | Identified the +3 barding of Liberalism {+Blink rC+ Str-3
                  | Int+6}
 27239 | Lair:4   | Reached skill level 3 in Armour
 27771 | Lair:4   | Reached skill level 10 in Spellcasting
 27861 | Lair:4   | Killed crawlisdead's ghost
 28337 | Lair:6   | Reached skill level 4 in Armour
 28458 | Lair:6   | Found a viscous altar of Jiyva.
 28458 | Lair:6   | Found a staircase to the Slime Pits.
 28583 | Lair:6   | Identified 2 scrolls of summoning
 28585 | Lair:6   | Identified 4 scrolls of enchant armour
 28586 | Lair:6   | Identified 4 scrolls of vulnerability
 28587 | Lair:6   | Identified 4 scrolls of enchant weapon
 28595 | Lair:6   | Identified 5 scrolls of amnesia
 28597 | Lair:6   | Identified 5 scrolls of fear
 28617 | Lair:6   | Reached skill level 5 in Armour
 28940 | Orc:1    | Entered Level 1 of the Orcish Mines
 29022 | Orc:2    | Entered Level 2 of the Orcish Mines
 29052 | Orc:2    | Found a staircase to the Elven Halls.
 29486 | Orc:2    | Found Soxkomim's Jewellery Boutique.
 29667 | Orc:2    | Reached skill level 6 in Armour
 29827 | Orc:2    | Found Vat Zor's General Store.
 29848 | Orc:2    | Found Eceum's Distillery.
 29849 | Orc:2    | Found Fehil's Magic Scroll Shoppe.
 29876 | Orc:2    | Reached skill level 7 in Armour
 29876 | Orc:2    | Reached skill level 11 in Spellcasting
 29943 | Orc:2    | Reached XP level 17. HP: 133/133 MP: 0/0
 29943 | Orc:2    | Learned a level 7 spell: Monstrous Menagerie
 29970 | Orc:2    | Bought a scroll of fog for 26 gold pieces
 30022 | Orc:2    | Bought the ring "Oraarch" {rElec rC+ rN+ EV+4} for 612 gold
                  | pieces
 30058 | Orc:2    | Found a runed translucent door.
 30059 | Orc:2    | Found a shimmering altar of Xom.
 30059 | Orc:2    | Noticed nllptrxc's ghost (journeyman DECj)
 30102 | Orc:2    | Killed nllptrxc's ghost
 30154 | Orc:2    | Found Ogoirgh's Weapon Emporium.
 30672 | D:15     | Found a blossoming altar of Fedhas.
 30707 | D:15     | Noticed Rupert
 30735 | D:15     | Killed Rupert
 30776 | D:15     | Found Wyssubb's Jewellery Boutique.
 30911 | D:15     | Reached skill level 8 in Armour
 30940 | D:15     | Acquired the +2 cloak of Brilliance {rPois Dex+3}
 31441 | Snake:1  | Entered Level 1 of the Snake Pit
 31758 | Snake:1  | Reached skill level 9 in Armour
 32239 | Snake:2  | Reached skill level 12 in Spellcasting
 32305 | Snake:2  | Noticed Aizul
 32316 | Snake:2  | Banished Aizul
 32382 | Snake:2  | Reached skill level 10 in Armour
 32489 | Snake:2  | Noticed Vashnia
 32536 | Snake:2  | HP: 2/133 [Vashnia/bolt (41)]
 32537 | Snake:2  | Shot with a bolt by Vashnia

Illustrated notes

Levels and vault maps discovered:
D:1:      dpeg_arrival_tiny_a, layout_rooms, serial_shops, shop,
          hellmonk_ecumenical_altar_inner_sanctum, minmay_pentomino_p2
D:2:      layout_loops_ring, basic_altar
D:3:      layout_loops_ring, chequers_arboretum, uniq_purgy, uniq_sigmund,
          uniq_crazy_yiuf_cottage, uniq_ijyb, uniq_natasha
D:4:      layout_gridville, uniq_menkaure, uniq_duvessa
D:5:      layout_loops_ring, saegor_snake_ambush
D:6:      layout_basic, minmay_temple_entry_slanted, uniq_eustachio
D:7:      layout_basic, mainiacjoe_overflow_surrounded_room, serial_shops,
          nicolae_shop_behind_doors, sigmund_army, uniq_maggie, uniq_pikel
D:8:      layout_cave_pools, mainiacjoe_overflow_24_doors,
          nicolae_gozag_zags_fifth_avenue, enter_bailey_5,
          hangedman_feature_mirror
D:9:      layout_roguey, mainiacjoe_overflow_paths,
          nemelex_diamond_rough_becter, david_lair_generic, david_orc_5,
          serial_shops, kennysheep_mini, minmay_lizard_king, uniq_maurice,
          uniq_harold
D:10:     layout_cave_pools, okawaru_metal_pillars_3, uniq_grum
D:11:     layout_irregular_city
D:12:     layout_stronghold, nicolae_wwwww
D:13:     layout_roguey, uniq_frances
D:14:     layout_cave_pods, erik_vaults_2, lemuel_crystal_altar, serial_undead,
          serial_undead_e, serial_undead_c, serial_undead_b, serial_undead_b,
          serial_undead_c
D:15:     gammafunk_depths_entry_grave, layout_loops_ring, serial_park_square2,
          amethyst_killhole, minmay_shop_enchanted_jewellery,
          fedhas_altar_fruit_tree, uniq_rupert
Lair:1:   layout_loops_ring, gammafunk_ghost_abyssal_escape,
          infiniplex_staircase_pool_2, uniq_nergalle
Lair:2:   layout_long_grid, nicolae_volcano_entry_vermiform, special_room
          [special_room_bee], portal_ice_cave_entry_imps
Lair:3:   layout_misc_corridors, minmay_shoals_entry_hut, grunt_megastairs_4
Lair:4:   nzn_winding_woodlands_huge [nzn_winding_woodlands_5x15_parted,
          nzn_winding_woodlands_5x15_split_checker,
          nzn_winding_woodlands_5x15_pool,
          nzn_winding_woodlands_5x15_concentric, nzn_winding_woodlands_5x15_eye,
          nzn_winding_woodlands_5x15_pathside_ponds,
          nzn_winding_woodlands_5x15_longhouse,
          nzn_winding_woodlands_5x15_sawtooth,
          nzn_winding_woodlands_5x15_zeroes, nzn_winding_woodlands_5x15_jagged,
          nzn_winding_woodlands_center_lodge,
          nzn_winding_woodlands_center_diamonds,
          nzn_winding_woodlands_15x15_eel_pit], layout_big_grid,
          dummy_snake_entry, gammafunk_ghost_icy
Lair:5:   layout_concentric_octagons, lemuel_fruit_fields
Lair:6:   hangedman_lair_tendril_chambers, layout_regular_city,
          dpeg_slime_entry_enclosed_altar
Snake:1:  layout_basic, serial_bayou_shore_a
Snake:2:  nicolae_snake_crotalidae_crossing, layout_layer_cave, serial_shops,
          shop_fountains, uniq_aizul, uniq_vashnia
Orc:1:    layout_diamond_mine, led_sif_book
Orc:2:    st_orc_open, layout_caves, ebering_ghost_xom, serial_shops,
          nicolae_shop_temple_entry_statues_fountains, kennysheep_orc_chapel

Skill      XL: |  1  2  3  4  5  6  7  8  9 10 11 12 13 14 15 16 17 |
---------------+----------------------------------------------------+-----
Spellcasting   | 3 4 5 6 7 9 11 12 | 12.3
Polearms       | 1 4 6 8 9 11 12 14 | 14.0
Dodging        | 3 6 8 10 | 10.1
Shields        | 3 4 |  4.0
Fighting       | 6 9 11 14 15 16 | 16.0
Armour         | 7 10 | 10.2
Stealth        | |  1.5

Action                   |  1- 3 |  4- 6 |  7- 9 | 10-12 | 13-15 | 16-18 || total
-------------------------+-------+-------+-------+-------+-------+-------++-------
Melee: Spear             |       |     7 |    61 |       |       |       ||    68
       Demon trident     |       |       |    42 |   526 |   944 |   914 ||  2426
Throw: Throwing net      |       |       |       |     2 |     2 |     1 ||     5
 Cast: Magic Dart        |    83 |   122 |   208 |    55 |    72 |   109 ||   649
       Mephitic Cloud    |       |     2 |    12 |       |     3 |       ||    17
       Conjure Flame     |       |     2 |    12 |     4 |       |     5 ||    23
       Blink             |       |       |     2 |       |     2 |     1 ||     5
Evoke: Wand              |       |       |     3 |     1 |     1 |       ||     5
  Use: Scroll            |       |       |     8 |     5 |     4 |    10 ||    27
       Potion            |       |       |     5 |     1 |     1 |     3 ||    10
 Stab: Sleeping          |       |       |     3 |     6 |    10 |     7 ||    26
       Confused          |       |       |     3 |       |     3 |       ||     6
       Distracted        |       |       |       |     1 |     3 |     2 ||     6
       Held in net/web   |       |       |       |       |     1 |       ||     1
       Invisible         |       |       |       |       |       |     1 ||     1
Armor: Robe              |     3 |     5 |    23 |     4 |       |       ||    35
       Steam dragon scal |       |       |       |    28 |    70 |       ||    98
       Leather armour    |       |       |       |       |    54 |    60 ||   114
Dodge: Dodged            |    13 |    19 |    84 |   127 |   377 |   212 ||   832
Block: Buckler           |       |       |     4 |    61 |   184 |    91 ||   340

Table legend: (Time is in decaauts)
 A = Elapsed time spent in this place.
 B = Non-inter-level travel time spent in this place.
 C = Inter-level travel time spent in this place.
 D = Time resting spent in this place.
 E = Time spent auto-exploring this place.
 F = Levels seen in this place.
 G = Mean time per level.
                   A        B        C        D        E       F      G
               +--------+--------+--------+--------+--------+-----+--------+
         Total |  31780 |  30085 |   1695 |   8252 |  15131 |  28 | 1135.0 |
       Dungeon |  20973 |  19761 |   1212 |   6645 |   9693 |  15 | 1398.2 |
          Lair |   6280 |   5878 |    402 |    531 |   3729 |   6 | 1046.7 |
     Snake Pit |    995 |    984 |     11 |     32 |    592 |   2 |  497.5 |
  Orcish Mines |   1455 |   1386 |     69 |    138 |    747 |   2 |  727.5 |
        Bailey |    685 |    685 |      0 |    204 |    192 |   1 |  685.0 |
      Ice Cave |   1104 |   1104 |      0 |    632 |    178 |   1 | 1104.0 |
       Volcano |    285 |    285 |      0 |     67 |      0 |   1 |  285.0 |
               +--------+--------+--------+--------+--------+-----+--------+

Top non-repeatable levels by time:
     D:3: 2765 daAuts
    D:13: 1975 daAuts
     D:5: 1963 daAuts
  Lair:4: 1912 daAuts
     D:9: 1846 daAuts
    D:14: 1752 daAuts
     D:2: 1698 daAuts
     D:4: 1596 daAuts
     D:1: 1248 daAuts
     D:7: 1170 daAuts
    D:12: 1158 daAuts
    D:15: 1128 daAuts
   IceCv: 1104 daAuts
  Lair:6: 1025 daAuts
   Orc:2: 1008 daAuts
